Map: Abyssal Reef LE

Players

TIME (Oliveira)

  • Race: Terran Terran
  • Spawn Location: 11:00

Minato - Winner!

  • Race: Zerg Zerg
  • Spawn Location: 5:00

Event: WCS Jonkoping 2017

VOD

Have the link to the VOD?

Description

Time

  • Played on: June 17, 2017, 9:36 a.m.
  • Length: 5:23

All games in this series

Show
View Real Time Build Order
Export as new Build Order

TIME Terran 

Build Orders:  

Get SALT Encoding   

  12  0:00  SCV  
  13  0:12  SCV  
  14  0:17  Supply Depot  
  14  0:24  SCV  
  15  0:39  SCV  
  15  0:40  Barracks  
  16  0:44  Refinery  
  16  0:51  SCV  
  17  0:59  Barracks  
  17  1:03  SCV  
  18  1:15  SCV  
  19  1:20  Barracks  
  19  1:28  Reaper  
  20  1:37  Orbital Command  
  20  1:43  Refinery  
  20  1:46  Reaper  
  21  1:55  Supply Depot  
  21  2:03  SCV  
  21  2:05  Reaper  
  23  2:16  SCV, Reaper  
  23  2:20  Supply Depot  
  25  2:25  Reaper  
  25  2:28  SCV  
  27  2:39  Reaper  
  27  2:40  SCV  
  29  2:50  Reaper  
  29  2:52  SCV  
  29  2:58  Reaper  
  31  3:08  Command Center  
  31  3:10  SCV  
  32  3:13  Reaper  
  33  3:22  Reaper  
  33  3:24  SCV  
  35  3:31  Reaper  
  35  3:32  Supply Depot  
  36  3:38  SCV  
  37  3:50  SCV  
  36  3:55  Barracks Tech Lab  
  36  4:00  Factory  
  36  4:02  SCV  
  36  4:12  Barracks Reactor  
  36  4:15  SCV  
  36  4:16  Barracks Reactor  
  37  4:18  Marine  
  37  4:22  Orbital Command  
  38  4:27  SCV  
  37  4:38  Marine  
  38  4:39  SCV  
  38  4:45  Starport  
  39  4:48  Factory Reactor  
  39  4:49  Marine  
  39  4:50  Marine x2  
  39  4:51  SCV x2  
  44  4:56  Marine  
  42  5:03  SCV  
Show
View Real Time Build Order
Export as new Build Order

Minato Zerg - Winner!

Build Orders: Pool First 

Get SALT Encoding   

  12  0:01  Drone  
  13  0:13  Overlord  
  13  0:17  Drone  
  14  0:31  Drone x2  
  14  0:35  Drone  
  17  0:45  Spawning Pool  
  17  0:47  Drone  
  17  1:09  Hatchery  
  17  1:11  Drone  
  17  1:14  Extractor  
  16  1:24  Drone  
  16  1:25  Drone  
  18  1:33  Zergling x2  
  18  1:34  Queen  
  21  1:42  Overlord  
  21  1:50  Drone  
  22  2:02  Drone  
  23  2:09  Queen  
  23  2:13  Drone  
  26  2:17  Metabolic Boost  
  26  2:22  Queen  
  28  2:23  Drone  
  28  2:25  Drone  
  30  2:34  Zergling x4  
  31  2:41  Spore Crawler  
  31  2:42  Drone x2  
  31  2:48  Zergling x2  
  32  2:56  Zergling x4  
  33  3:02  Zergling x4  
  35  3:10  Overlord  
  35  3:22  Zergling x2  
  35  3:24  Overlord  
  35  3:26  Overlord  
  35  3:36  Zergling x8  
  35  3:38  Zergling x2  
  37  3:46  Zergling x6  
  34  3:55  Zergling x2  
  34  3:59  Queen x2  
  34  4:01  Zergling x2  
  39  4:06  Zergling x2  
  39  4:12  Zergling x4  
  41  4:20  Zergling x2  
  41  4:21  Zergling x2  
  43  4:32  Zergling x6  
  43  4:33  Zergling x2  
  43  4:37  Zergling x2  
  50  4:45  Zergling x4  
  52  4:52  Drone  
  51  4:57  Drone  
  48  5:06  Zergling x2  
Tags
 
Add a new tag
Caveats
  • Supply blocks, unpowered buildings, or Contaminate may cause inaccurate times.
  • Supply counts are checked every 10 seconds.